AoeStats
← Tarco I4967

Black Forest

510524286Analyzed
2v2 RM · 2d ago on Oct 1, 2026· 75m 13s· 4 players
Game mode
Random Map
Map size
Medium (4 player)
Population
200
Speed
Normal
Resources
Standard
Victory
Conquest
Starting age
Dark Age
Ending age
Imperial Age
RankedLock teamsTeams togetherTeam positionsShared explorationLock speedFull tech treeHidden civsTurbo modeCheats
Victory
Defeat
🇻🇳 Spanish · Vietnam
649
+16
🇺🇸 Franks · United States
636
+17
🇨🇱 Turks · Chile
680
-17
🇦🇷 Teutons · Argentina
631
-16
jswag official
0:29 Loom
13:11 Feudal Age
16:29 Town Watch
32:53 Castle Age
32:19 Double-Bit Axe
33:16 Wheelbarrow
40:02 Bow Saw
39:58 Town Patrol
41:27 Caravan
46:46 Imperial Age
44:36 Hand Cart
45:04 Coinage
44:40 Gold Mining
45:32 Scale Mail Armor
45:36 Padded Archer Armor
45:49 Forging
45:48 Scale Barding Armor
45:37 Fletching
47:54 Conscription
49:13 Banking
49:47 Elite Throwing Axeman
51:12 Iron Casting
50:53 Chain Mail Armor
50:55 Leather Archer Armor
50:37 Bodkin Arrow
51:04 Chain Barding Armor
50:51 Husbandry
52:57 Blast Furnace
53:06 Chemistry
52:14 Siege Engineers
52:11 Murder Holes
60:41 Plate Mail Armor
62:31 Cavalier
63:23 Chivalry
63:33 Light Cavalry
69:51 Paladin
73:42 Capped Ram
Dragon D. Barola
5:26 Loom
14:38 Feudal Age
15:33 Man-at-Arms
16:26 Double-Bit Axe
21:55 Wheelbarrow
21:06 Town Watch
24:37 Castle Age
24:06 Arson
24:52 Forging
26:37 Long Swordsman
29:04 Light Cavalry
31:09 Bow Saw
34:20 Gambesons
34:36 Squires
35:39 Stone Mining
35:40 Gold Mining
38:28 Stone Shaft Mining
37:55 Horse Collar
37:46 Pikeman
40:16 Hand Cart
40:49 Bloodlines
40:04 Elite Skirmisher
45:22 Imperial Age
43:02 Town Patrol
43:36 Ballistics
43:35 Padded Archer Armor
45:50 Caravan
45:31 Cavalier
45:34 Hussar
46:18 Husbandry
47:15 Paladin
47:31 Two-Handed Swordsman
47:35 Halberdier
49:06 Fortified Wall
49:56 Chemistry
50:18 Scale Barding Armor
50:14 Scale Mail Armor
50:50 Iron Casting
50:57 Champion
58:10 Conscription
67:17 Blast Furnace
66:32 Chain Mail Armor
66:38 Chain Barding Armor
66:08 Fletching
66:33 Leather Archer Armor
Nick
16:15 Feudal Age
17:40 Double-Bit Axe
20:29 Castle Age
20:14 Horse Collar
21:09 Stone Mining
25:20 Scale Barding Armor
30:24 Wheelbarrow
29:35 Loom
30:09 Bow Saw
31:03 Forging
40:28 Imperial Age
38:09 Husbandry
39:00 Caravan
39:30 Heavy Plow
40:42 Cavalier
43:00 Bombard Tower
43:33 Sipahi
44:14 Artillery
45:04 Fletching
45:39 Ballistics
45:45 Hand Cart
45:18 Town Watch
47:09 Gold Mining
49:41 Elite Janissary
51:25 Bodkin Arrow
53:36 Hoardings
66:21 Bloodlines
70:28 Arrowslits
70:57 Masonry
Tarco I4967
14:28 Loom
18:18 Feudal Age
19:44 Wheelbarrow
20:12 Double-Bit Axe
24:02 Fletching
33:38 Castle Age
31:25 Man-at-Arms
33:10 Forging
33:01 Scale Mail Armor
33:03 Padded Archer Armor
35:32 Hand Cart
38:13 Squires
39:50 Sanctity
40:02 Horse Collar
42:23 Ballistics
42:54 Bow Saw
44:01 Iron Casting
43:32 Scale Barding Armor
43:46 Chain Mail Armor
43:35 Bodkin Arrow
45:47 Heavy Plow
45:36 Town Watch
46:09 Bloodlines
47:14 Masonry
47:14 Elite Skirmisher
48:29 Stone Mining
48:32 Gold Mining
51:29 Imperial Age
51:00 Ironclad
50:54 Pikeman
51:21 Gambesons
52:34 Capped Ram
53:49 Halberdier
55:51 Chemistry
56:05 Crop Rotation
56:37 Elite Teutonic Knight
57:30 Caravan
58:22 Town Patrol
61:40 Crenellations
61:43 Conscription
63:02 Arrowslits
65:07 Blast Furnace
64:38 Plate Mail Armor
64:28 Leather Archer Armor
Connection lost

Rejoining the realm…

Still unreachable

The connection could not be restored.

Session expired

The server has moved on; the page needs a fresh start.